 Dungeon Crawl Stone Soup version 0.26.1-11-gd32895ea62 (webtiles) character file.

Game seed: 2737993111835205547

4767 Almogavar the Cleaver (level 10, -6/88 HPs)
             Began as a Hill Orc Fighter on Apr 28, 2021.
             Was a Believer of Okawaru.
             Mangled by an orc knight
             ... wielding a +0 halberd
              (15 damage)
             ... in a bailey.
             The game lasted 00:27:36 (11464 turns).

Almogavar the Cleaver (Hill Orc Fighter)           Turns: 11464, Time: 00:27:37

Health: -6/88      AC: 22    Str: 26    XL:     10   Next: 47%
Magic:  0/10       EV:  8    Int:  8    God:    Okawaru [**....]
Gold:   489        SH:  5    Dex: 10    Spells: 9/9 levels left

rFire    . . .     SeeInvis .   a - +4 hand axe
rCold    . . .     Faith    .   x - +0 buckler {rN+}
rNeg     + + .     Spirit   +   s - +8 plate armour "Botwostruset" {rN+ Str+3}
rPois    .         Reflect  .   (no helmet)
rElec    .         Harm     .   j - scarf {repulsion}
rCorr    +         Rampage  .   B - +0 pair of gloves (curse)
Will     .....                  (no boots)
Stlth    ..........             n - amulet of guardian spirit
HPRegen  0.24/turn              g - ring of resist corrosion
MPRegen  0.12/turn              (no ring)

@: mighty, repel missiles
A: no striking features
a: Renounce Religion, Heroism


You were in a bailey.
You worshipped Okawaru.
Okawaru was pleased with you.
You visited 1 branch of the dungeon, and saw 10 of its levels.
You also visited: Bailey.

You collected 489 gold pieces.

Inventory:

Hand Weapons
 a - a +4 hand axe (weapon)
 r - a +2 spear of venom
Missiles
 e - 42 poisoned darts (quivered)
 p - 5 throwing nets
 y - 2 javelins
Armour
 c - a +0 kite shield
 j - a scarf of repulsion (worn)
 s - the +8 plate armour "Botwostruset" (worn) {rN+ Str+3}
   (You found it on level 7 of the Dungeon)

   It affects your strength (+3).
   It protects you from negative energy.
 x - a +0 buckler of positive energy (worn)
 A - a scarf of harm
 B - a cursed +0 pair of gloves (worn)
Jewellery
 g - a ring of resist corrosion (left hand)
 n - an amulet of guardian spirit (around neck)
 v - an uncursed ring of fire
Wands
 b - a wand of iceblast (8)
 w - a wand of paralysis (3)
Scrolls
 f - 2 scrolls of blinking
 m - 6 scrolls of teleportation
 o - 5 scrolls of fog
 q - a scroll of magic mapping
 t - a scroll of enchant weapon
 u - a scroll of remove curse
Potions
 d - a potion of brilliance
 h - a potion of lignification
 i - 4 potions of curing
 k - a potion of attraction
 l - a potion of flight {unknown}
 z - a potion of cancellation
 E - a potion of experience {unknown}
 F - 2 potions of invisibility {unknown}
 G - a potion of berserk rage {unknown}


   Skills:
 + Level 8.2 Fighting
 + Level 12.3 Axes
 + Level 3.8 Throwing
 + Level 7.5 Armour
 + Level 2.3 Dodging
 - Level 6.8 Shields
 + Level 1.1 Evocations


You had 9 spell levels left.
You didn't know any spells.
Your spell library was empty.

Dungeon Overview and Level Annotations

Branches:
Dungeon (11/15)            Temple (0/1) D:7          Bailey (1/1)
   Lair: D:8-11         Orc: D:9-12

Altars:
Cheibriados
Dithmenos
Elyvilon
Fedhas
Gozag
Kikubaaqudgha
Nemelex Xobeh
Okawaru
Ru
Uskayaw
Xom
Yredelemnul
The Shining One

Shops:
D:7 [

Annotations:
D:2 exclusion: oklob plant


Message History

The orc warrior hits you from afar with a +0 halberd.
* * * LOW HITPOINT WARNING * * *
The orc warrior hits you but does no damage.
The orc knight closely misses you.
You slash the orc knight!
The orc knight is severely wounded.
The orc warrior no longer looks unusually strong.
The orc warrior looks more healthy.
You block the orc knight's attack.
Unknown command.
You slash the orc knight!
The orc knight is severely wounded.
The orc warrior hits you from afar with a +0 halberd.
* * * LOW HITPOINT WARNING * * *
The orc warrior hits you but does no damage.
The orc knight roars a battlecry!
The orcs go into a battle-frenzy!
You hit the orc knight.
The orc knight is almost dead.
The orc knight hits you with a +0 halberd!
You die...

#....)..#
#..)))..#
#.))))..#
#..))...#
#.......#
#.......#
#.......#
##.....##
###@###
#)o)#


#ooo# #)o)# #...# ###)### ##.))..## #...(...# #.......# You could see 2 orc
knights, 2 orc warriors and an orc (strong).

Vanquished Creatures
  Grinder (D:3)
  Sigmund (D:6)
  A wraith (D:7)
  3 yaks (D:7)
  A water moccasin (D:9)
  3 sky beasts
  6 orc warriors
  2 ice beasts
  A phantom (D:6)
  An ogre (D:4)
  An eye of draining (D:8)
  A big kobold (D:8)
  A gnoll sergeant (D:4)
  A wyvern zombie (D:5)
  A water moccasin zombie (D:5)
  3 scorpions
  4 wights (D:8)
  3 howler monkeys
  A quasit (D:8)
  2 centaur zombies
  5 gnoll shamans (D:4)
  A centaur skeleton (D:6)
  6 hounds
  3 jellies
  6 orc priests
  5 orc wizards
  4 iguanas
  7 worker ants
  2 hound skeletons
  A howler monkey skeleton (D:4)
  34 gnolls
  7 adders
  4 white imps
  2 ufetubi
  An adder zombie (D:5)
  3 adder skeletons
  7 worms
  The ghost of Phaedo the Sneak, a weakling DgDe (D:5)
  A dart slug (D:2)
  5 leopard geckos
  47 orcs
  4 giant cockroaches
  9 goblins
  4 hobgoblins
  20 jackals
  5 quokkas
  2 ball pythons
  4 bats
  6 frilled lizards
  A jackal skeleton (D:5)
  14 kobolds
  A leopard gecko skeleton (D:6)
  6 rats
266 creatures vanquished.

Vanquished Creatures (others)
  2 plants (D:4)
  16 toadstools (D:2)
18 creatures vanquished.

Grand Total: 284 creatures vanquished

Notes
Turn   | Place    | Note
-------+----------+-------------------------------------------
     0 | D:1      | Almogavar the Hill Orc Fighter began the quest for the Orb.
     0 | D:1      | Reached XP level 1. HP: 19/19 MP: 1/1
    65 | D:1      | Reached XP level 2. HP: 21/27 MP: 2/2
   344 | D:1      | Reached skill level 3 in Axes
   685 | D:1      | Reached XP level 3. HP: 33/33 MP: 3/3
  1626 | D:2      | Reached XP level 4. HP: 38/40 MP: 4/4
  1664 | D:2      | Reached skill level 4 in Axes
  1718 | D:2      | Found a blossoming altar of Fedhas.
  1742 | D:2      | Noticed an oklob plant
  1845 | D:2      | Found a white marble altar of Elyvilon.
  1922 | D:2      | Found a basalt altar of Yredelemnul.
  2174 | D:3      | Found a sparkling altar of Nemelex Xobeh.
  2246 | D:3      | Noticed Grinder
  2256 | D:3      | HP: 2/41 [Grinder (2)]
  2257 | D:3      | Paralysed by Grinder for 2 turns
  2262 | D:3      | Killed Grinder
  2263 | D:3      | Reached skill level 5 in Axes
  2263 | D:3      | Reached XP level 5. HP: 13/47 MP: 5/5
  2263 | D:3      | Reached XP level 6. HP: 15/55 MP: 6/6
  2823 | D:3      | Reached skill level 5 in Fighting
  2823 | D:3      | Reached skill level 6 in Axes
  2958 | D:3      | Found an opulent altar of Gozag.
  3048 | D:3      | You fall into a shaft and drop 1 floor!
  3692 | D:4      | Reached skill level 1 in Dodging
  3822 | D:4      | Found a sacrificial altar of Ru.
  3944 | D:4      | Reached XP level 7. HP: 61/61 MP: 7/7
  4580 | D:4      | Reached skill level 7 in Axes
  5119 | D:4      | Reached skill level 5 in Shields
  5285 | D:4      | Reached skill level 5 in Armour
  5285 | D:4      | Reached XP level 8. HP: 23/70 MP: 8/8
  5534 | D:4      | Reached skill level 1 in Throwing
  5966 | D:4      | Reached skill level 8 in Axes
  6240 | D:5      | Entered Level 5 of the Dungeon
  6652 | D:5      | Found a glowing golden altar of the Shining One.
  7155 | D:5      | Found a runed translucent gate.
  7190 | D:5      | Found a runed translucent gate.
  7192 | D:5      | Found a runed translucent gate.
  7389 | D:5      | Noticed Phaedo's ghost (weakling DgDe)
  7406 | D:5      | Reached skill level 9 in Axes
  7408 | D:5      | Killed Phaedo's ghost
  7636 | D:6      | Noticed Sigmund
  7651 | D:6      | Killed Sigmund
  7652 | D:6      | Reached XP level 9. HP: 73/78 MP: 7/9
  8382 | D:6      | Reached skill level 10 in Axes
  8546 | D:6      | Found a snail-covered altar of Cheibriados.
  8617 | D:6      | Found an ancient bone altar of Kikubaaqudgha.
  8888 | D:6      | Found a shadowy altar of Dithmenos.
  8888 | D:6      | Found a shimmering altar of Xom.
  8888 | D:6      | Found an iron altar of Okawaru.
  8962 | D:6      | Became a worshipper of Warmaster Okawaru
  9204 | D:7      | Got a bloodstained plate armour
  9278 | D:7      | Identified the +8 plate armour "Botwostruset" {rN+ Str+3}
                  | (You found it on level 7 of the Dungeon)
  9311 | D:7      | Found Qasadoafa's Antique Armour Boutique.
  9648 | D:7      | Found a staircase to the Ecumenical Temple.
  9853 | D:8      | Reached skill level 11 in Axes
  9856 | D:8      | Reached * piety under Okawaru
  9964 | D:8      | Reached XP level 10. HP: 67/88 MP: 8/10
  9982 | D:8      | Found an ancient bone altar of Kikubaaqudgha.
 10198 | D:8      | Found a hide-covered altar of Uskayaw.
 10431 | D:8      | Reached skill level 12 in Axes
 10986 | D:9      | You fall into a shaft and drop 2 floors!
 11016 | D:11     | Found a flagged portal.
 11033 | Bailey   | Entered a bailey
 11138 | Bailey   | Reached ** piety under Okawaru
 11152 | Bailey   | Reached skill level 1 in Evocations
 11418 | Bailey   | Noticed an orc knight
 11418 | Bailey   | Noticed an orc knight
 11457 | Bailey   | HP: 4/88 [orc warrior/+0 halberd (10)]
 11464 | Bailey   | Mangled by an orc knight

Illustrated notes

Levels and vault maps discovered:
D:1:      saegor_arrival_miasma, layout_basic
D:2:      layout_rooms, kennysheep_ying_yang, tgw_fedhas
D:3:      layout_loops_corners, overflow_temple_1_default,
          nicolae_gozag_seed_capital, serial_bayou_pond_a, uniq_grinder
D:4:      lemuel_castle_with_subvaults [lemuel_castle_interior_carwin_3],
          layout_basic, nicolae_ru_sacrificial_ziggurat
D:5:      layout_cave_pools, marbit_many_paths, gammafunk_ghost_necromancy
D:6:      layout_basic, kennysheep_mini, gammafunk_temple_overflow_claw,
          basic_altar, uniq_sigmund
D:7:      layout_basic, temple_hall, serial_shops, shop
D:8:      layout_rooms, old_standard_altar, kiku_gazebo_pond_becter
D:9:      layout_layer_cave, erik_lair_island
D:11:     fort_yaktaur, layout_grid_maze, enter_bailey_7, grunt_ministairs_11,
          minmay_strange_pillars
Bailey:   bailey_polearm_5, bailey

Skill      XL: |  1  2  3  4  5  6  7  8  9 10 |
---------------+-------------------------------+-----
Axes           | 3 5 6 7 9 11 12 | 12.3
Fighting       | 4 5 6 7 8 |  8.2
Armour         | 4 5 6 7 |  7.5
Shields        | 4 5 6 |  6.8
Dodging        | 1 2 |  2.3
Throwing       | 2 3 |  3.8
Evocations     | 1 |  1.1

Action                   |  1- 3 |  4- 6 |  7- 9 | 10-12 || total
-------------------------+-------+-------+-------+-------++-------
Melee: War axe           |    99 |   108 |   505 |    19 ||   731
       Hand axe          |       |       |       |   145 ||   145
Throw: Dart              |       |     4 |   111 |    41 ||   156
       Throwing net      |       |       |     1 |       ||     1
Invok: Heroism           |       |       |       |     2 ||     2
Evoke: Wand              |       |       |       |     7 ||     7
  Use: Scroll            |       |     7 |     7 |     2 ||    16
       Potion            |       |     4 |     8 |     3 ||    15
Armor: Scale mail        |    32 |    27 |   130 |       ||   189
       Plate armour      |       |       |    69 |    82 ||   151
       Skin              |       |       |     1 |       ||     1
Dodge: Dodged            |    25 |    31 |   158 |    67 ||   281
       Repelled          |       |       |     2 |     1 ||     3
Block: Kite shield       |    47 |    59 |   263 |    13 ||   382
       Buckler           |       |       |       |    39 ||    39
